 Dungeon Crawl Stone Soup version 0.30.1-11-g7821555f0a (webtiles) character file.

Game seed: 13868318865312198569

560 HakonGodeson the Chopper (level 7, -2/55 HPs)
             Began as a Human Berserker on Nov 23, 2023.
             Was a Believer of Trog.
             Slain by an ice beast (10 damage)
             ... on level 5 of the Dungeon.
             The game lasted 00:03:39 (937 turns).

HakonGodeson the Chopper (Human Berserker)           Turns: 937, Time: 00:03:40

Health: -2/55      AC:  9    Str: 17 (18) XL:     7   Next: 57%
Magic:  7/7        EV:  8    Int:  8 (9)  God:    Trog [**....]
Gold:   68         SH:  0    Dex: 13 (14) Spells: 6/6 levels left

rFire   . . .        g - +4 war axe "Xela" {freeze, Dex+2}
rCold   . . .        (no shield)
rNeg    . . .        e - +0 chain mail
rPois   .            (no helmet)
rElec   .            (no cloak)
rCorr   .            (no gloves)
SInv    .            (no boots)
Will    .....        j - amulet of the acrobat Stlth
                     (no ring)
HPRegen 0.29/turn    (no ring)
MPRegen 0.10/turn

%: acrobat
@: lethally poisoned (-2 -> -15), on berserk cooldown
A: no striking features
a: Renounce Religion, Berserk, Trog's Hand


You were on level 5 of the Dungeon.
You worshipped Trog.
Trog was pleased with you.
You visited 1 branch of the dungeon, and saw 5 of its levels.

You collected 68 gold pieces.

Inventory:

Hand Weapons
 a - a +0 hand axe
 g - the +4 war axe "Xela" (weapon) {freeze, Dex+2}
   (You found it on level 2 of the Dungeon)

   Dex:       It affects your dexterity (+2).
Armour
 b - a +0 animal skin
 e - a +0 chain mail (worn)
Jewellery
 j - an amulet of the acrobat (around neck)
Scrolls
 l - a scroll of amnesia
Potions
 c - a potion of attraction {unknown}
 f - a potion of might {unknown}
 h - a potion of haste {unknown}


   Skills:
 * Level 4.5 Fighting
 * Level 5.8 Axes
 * Level 3.4 Armour
 * Level 3.0 Dodging
 * Level 2.3 Stealth


You had 6 spell levels left.
You didn't know any spells.
Your spell library was empty.

Dungeon Overview and Level Annotations

Branches:
Dungeon (5/15)
 Temple: D:4-7

Altars:


Message History

You closely miss the river rat. You slash the ice beast!
You hear the slow rusting of a distant drain.
The ice beast hits you but does no damage.
The river rat bites you. The ice beast hits you. The ice beast freezes you.
The river rat bites you.
You slash the river rat! You freeze the river rat.
You kill the river rat!
Trog accepts your kill.
You slash the ice beast!
You feel yourself speed up. The ice beast closely misses you.
The ice beast hits you but does no damage.
The scorpion barely misses you.
You see here a river rat corpse.
The ice beast barely misses you. The scorpion stings you.
You completely miss the ice beast.
The ice beast is heavily wounded.
You hit the scorpion. You freeze the scorpion. The ice beast hits you.
The ice beast freezes you! The scorpion stings you.
You are poisoned.
The scorpion poisons you! The ice beast closely misses you.
You barely miss the ice beast.
The ice beast is heavily wounded.
You barely miss the scorpion.
You feel very sick. The scorpion stings you.
* * * LOW HITPOINT WARNING * * *
You are lethally poisoned!
The scorpion poisons you! The scorpion barely misses you.
The ice beast barely misses you.
It was a potion of degeneration.
There was something very wrong with that liquid.
You feel weakened.
You feel dopey.
You feel clumsy.
* * * LOW HITPOINT WARNING * * *
You feel very sick.
The scorpion stings you but does no damage.
The ice beast hits you.
* * * LOW HITPOINT WARNING * * *
The ice beast freezes you!
You die...

#.. ## #.. ...
.. ... #.##
#.##... ######
#.....##
###....>#
#.....####.....#
#..sY.#..(..#
##.†@.....#
###.....###
#........##
#.....#.....#
.....####.....#
...## ##.....#
### ......#
#######


You could see an ice beast and a scorpion.

Vanquished Creatures
  Sigmund (D:2)
  A wraith (D:5)
  A kobold brigand (D:4)
  A scorpion (D:5)
  A howler monkey (D:5)
  Jessica (D:2)
  2 adders
  A river rat (D:5)
  A worm (D:3)
  3 endoplasms
  2 giant cockroaches
  3 goblins
  6 hobgoblins
  3 jackals (D:2)
  A ball python (D:2)
  3 bats
  A frilled lizard (D:3)
  2 kobolds (D:1)
  4 rats
38 creatures vanquished.

Notes
Turn   | Place    | Note
-------+----------+-------------------------------------------
     0 | D:1      | HakonGodeson the Human Berserker began the quest for the
                  | Orb.
     0 | D:1      | Reached XP level 1. HP: 18/18 MP: 1/1
   208 | D:1      | Reached XP level 2. HP: 24/24 MP: 2/2
   475 | D:2      | Identified the +4 war axe "Xela" {freeze, Dex+2}
   500 | D:2      | Reached XP level 3. HP: 23/29 MP: 3/3
   557 | D:2      | Noticed Jessica
   561 | D:2      | Killed Jessica
   561 | D:2      | Reached ** piety under Trog
   592 | D:2      | Noticed Sigmund
   608 | D:2      | Killed Sigmund
   609 | D:2      | Reached skill level 4 in Axes
   609 | D:2      | Reached skill level 1 in Stealth
   609 | D:2      | Reached XP level 4. HP: 37/37 MP: 4/4
   609 | D:2      | Reached XP level 5. HP: 42/42 MP: 5/5
   609 | D:2      | Reached XP level 6. HP: 48/48 MP: 6/6
   797 | D:4      | Reached skill level 5 in Axes
   892 | D:5      | Entered Level 5 of the Dungeon
   892 | D:5      | Noticed a water moccasin
   897 | D:5      | Noticed a wraith
   906 | D:5      | Killed a wraith
   907 | D:5      | Reached XP level 7. HP: 55/55 MP: 7/7
   937 | D:5      | Slain by an ice beast

Illustrated notes

Levels and vault maps discovered:
D:1:      kennysheep_arrival_forest, layout_loops_cross
D:2:      minmay_chambers_of_twos, layout_loops_ring, uniq_sigmund, uniq_jessica
D:3:      layout_basic
D:4:      layout_basic, chequers_temple_overflow_statue_of_worship,
          minmay_temple_entry_junction, serial_co_window_serial,
          co_window_of_opportunity_a, co_window_paths_b, co_window_cross_1,
          co_window_paths_a, co_window_corner_a, co_window_broadway_b,
          co_window_paths_c, co_window_of_opportunity_c, co_window_2corner,
          co_window_sun, glass_columns_a, glass_columns_c, glass_columns_b,
          glass_columns_a
D:5:      layout_basic, mainiacjoe_overflow_tiny_flanked,
          cheibrodos_sewer_entry_sluice, minmay_crossroads, uniq_eustachio

Skill      XL: |  1  2  3  4  5  6  7 |
---------------+----------------------+-----
Fighting       | 4 |  4.5
Axes           | 4 5 |  5.8
Stealth        | 1 2 |  2.3
Armour         | 3 |  3.4
Dodging        | 3 |  3.0

Action                     |  1- 3 |  4- 6 |  7- 9 || total
---------------------------+-------+-------+-------++-------
  Melee: Hand axe          |    36 |       |       ||    36
         War axe           |    12 |    30 |    15 ||    57
         Punch             |     1 |       |       ||     1
 Invoke: Berserk           |     1 |     1 |       ||     2
    Use: Scroll            |     1 |     4 |       ||     5
         Potion            |       |       |     1 ||     1
 Armour: Chain mail        |    27 |    15 |     9 ||    51
         Animal skin       |     1 |       |       ||     1
  Dodge: Dodged            |    31 |    17 |    14 ||    62
